 Dungeon Crawl Stone Soup version 0.18-a0-1109-gfc003ac (webtiles) character file.

81 Jenkins the Skirmisher (level 4, -5/41 HPs)
             Began as a Hill Orc Abyssal Knight on Jan 17, 2016.
             Was a Believer of Lugonu.
             Slain by a worm (11 damage)
             ... on level 2 of the Dungeon.
             The game lasted 00:11:37 (2363 turns).

Jenkins the Skirmisher (Hill Orc Abyssal Knight)    Turns: 2363, Time: 00:11:37

Health: -5/41      AC:  3    Str: 15    XL:     4   Next: 42%
Magic:  6/6        EV: 11    Int: 12    God:    Lugonu [**....]
Gold:   56         SH:  0    Dex: 10    Spells: 0 memorised, 3 levels left

rFire  . . .     SeeInvis .     a - +2 spear
rCold  . . .     Gourm    .     b - +0 leather armour
rNeg   . . .     Faith    .     (no shield)
rPois  .         Spirit   .     (no helmet)
rElec  .         Dismiss  .     (no cloak)
rCorr  .         Reflect  .     (no gloves)
SustAt .         Harm     .     (no boots)
MR     .....                    (no amulet)
Stlth  ++........               (no ring)
                                c - ring of stealth

@: not resistant to hostile enchantments, unstealthy
A: no striking features
a: Depart the Abyss, Bend Space, Renounce Religion


You were on level 2 of the Dungeon.
You worshipped Lugonu.
Lugonu was pleased with you.
You were hungry.

You visited 1 branch of the dungeon, and saw 2 of its levels.
You visited the Abyss 1 time.

You collected 56 gold pieces.

Inventory:

Hand Weapons
 a - a +2 spear (weapon)
 e - a +0 whip
 j - a +0 dagger of draining
Missiles
 l - 25 stones (quivered)
Armour
 b - a +0 leather armour (worn)
Jewellery
 c - a ring of stealth (left hand)
Scrolls
 f - a scroll of identify
Potions
 d - 2 potions of curing {unknown}
 g - a potion of agility {unknown}
 h - a potion of magic
Comestibles
 i - a bread ration


   Skills:
 + Level 4.4 Fighting
 + Level 2.8 Polearms
 + Level 2.9 Armour
 + Level 1.5 Dodging
 + Level 0.1 Stealth
 + Level 3.1 Invocations


You had 3 spell levels left.
You didn't know any spells.

Dungeon Overview and Level Annotations

Branches:
Dungeon (2/15)

Altars:
Ashenzari
Okawaru


Message History

Things that are here:
a rat corpse; an adder corpse You see here a bat corpse.
You start resting.
Found a stone staircase leading down.
The worm bites you!
* * * LOW HITPOINT WARNING * * *
You hit the worm.
The worm is lightly wounded.
It was a potion of magic.
Magic courses through your body. The worm closely misses you.
You hit the worm.
The worm is lightly wounded.
You hit the worm.
The worm is heavily wounded.
The worm closely misses you.
You hit the worm.
The worm is severely wounded.
The worm bites you!
You die...

.#....###.###*,*.$.,..#,***,*,*,*
......# *,,..,,*..##.##.#**,*,*,*
.#....######.,,,........#.,,*,,,,
.#.##.w.†..#.####..!.....,,,*,***
.#.##.####.#...........##>,,,,,,,
...##.# #w##.............,,,,,,*
.####.# #.#......#.......,,,,*,*
#...,,* #.#..............,,,,,,*
#.#**** #.#...w@........#,**,,,*
..###### #.#..#.#........#,******
.......# #...............#,*
.†.....# #....#.#.#..#...#,****
.......# #................,,,,*
.......####..#.....#.#####,**,*
...................#...,,*,**,*
######....####.........,,*,**,*
###.#.# ####.##.#,*,*,**,***


You could see a worm.

Vanquished Creatures
  4 adders (D:2)
  A giant gecko (D:1)
  2 ball pythons
  7 bats
  3 giant cockroaches (D:1)
  2 goblins (D:1)
  7 hobgoblins
  7 jackals (D:1)
  2 kobolds (D:1)
  A giant newt (D:1)
  4 rats
40 creatures vanquished.

Vanquished Creatures (others)
  A giant cockroach (D:2)
  A bat (D:2)
2 creatures vanquished.

Grand Total: 42 creatures vanquished

Notes
Turn   | Place    | Note
--------------------------------------------------------------
     0 | Abyss:1  | Jenkins the Hill Orc Abyssal Knight began the quest for the Orb.
     0 | Abyss:1  | Reached XP level 1. HP: 19/19 MP: 2/2
     0 | D:1      | Escaped the Abyss
    95 | D:1      | Reached * piety under Lugonu
   100 | D:1      | Reached XP level 2. HP: 18/27 MP: 4/4
   232 | D:1      | Reached skill level 4 in Fighting
   627 | D:1      | Reached XP level 3. HP: 30/33 MP: 5/5
   896 | D:1      | Reached ** piety under Lugonu
  1405 | D:2      | Reached skill level 1 in Dodging
  1748 | D:2      | Reached XP level 4. HP: 7/40 MP: 6/6
  2112 | D:2      | Found a shattered altar of Ashenzari.
  2214 | D:2      | Found an iron altar of Okawaru.
  2363 | D:2      | Slain by a worm

Vault maps used:
D:1:      lemuel_arrival_tunnels, item_on_display_a
D:2:      fiery_altar_vehumet, lemuel_crystal_altar, evilmike_ruin_ashenzari

Action                   |  1- 3 |  4- 6 || total
-------------------------+-------+-------++-------
Melee: Spear             |   158 |    27 ||   185
Invok: Depart the Abyss  |     1 |       ||     1
  Use: Scroll            |     2 |     3 ||     5
       Potion            |     1 |     1 ||     2
  Eat: Bread ration      |     1 |       ||     1
